 Dungeon Crawl Stone Soup version 0.18.1-6-gd335043 (webtiles) character file.

654 tix the Ducker (level 7, -4/53 HPs)
             Began as a Demonspawn Gladiator on May 18, 2016.
             Slain by an orc
             ... wielding a +0 trident
              (8 damage)
             ... on level 4 of the Dungeon.
             The game lasted 00:04:08 (2334 turns).

tix the Ducker (Demonspawn Gladiator)               Turns: 2334, Time: 00:04:09

Health: -4/53      AC:  3    Str: 19 (21) XL:     7   Next: 29%
Magic:  7/7        EV: 14    Int:  8 (9)  God:
Gold:   109        SH:  0    Dex: 13 (14) Spells: 0 memorised, 6 levels left

rFire  . . .     SeeInvis .     t - +0 dagger (venom)
rCold  . . .     Gourm    .     b - +0 leather armour
rNeg   . . .     Faith    .     (no shield)
rPois  .         Spirit   .     (helmet restricted)
rElec  .         Dismiss  +     (no cloak)
rCorr  .         Reflect  .     (no gloves)
SustAt .         Harm     .     (no boots)
MR     .....                    g - amulet of dismissal
Stlth  +.........               r - ring of wizardry
                                m - +4 ring of strength

@: not resistant to hostile enchantments, very unstealthy
A: horns 2, powered by death 2, sturdy frame 1
a: no special abilities


You were on level 4 of the Dungeon.
You were not hungry.

You visited 1 branch of the dungeon, and saw 4 of its levels.

You collected 109 gold pieces.

Inventory:

Hand Weapons
 a - a +0 rapier
 t - a +0 dagger of venom (weapon)
Missiles
 d - 3 throwing nets (quivered)
Armour
 b - a +0 leather armour (worn)
 c - a +0 helmet
Jewellery
 g - an amulet of dismissal (around neck)
 m - a +4 ring of strength (left hand)
 r - a ring of wizardry (right hand)
Wands
 e - a wand of lightning (3/15)
 i - a wand of confusion (17/48)
Scrolls
 h - a scroll of remove curse {unknown}
 l - 4 scrolls of amnesia {unknown}
 n - 2 scrolls of enchant armour {unknown}
 p - 6 scrolls of identify {unknown}
 u - a scroll of immolation {unknown}
Potions
 j - a potion of degeneration
 q - 2 potions of brilliance {unknown}
 s - a potion of berserk rage {unknown}
 v - a potion of flight {unknown}
 w - a potion of curing
Comestibles
 f - 2 bread rations
 o - a meat ration


   Skills:
 + Level 3.9 Fighting
 + Level 4.2 Short Blades
 - Level 1.8 Throwing
 + Level 3.1 Armour
 + Level 5.1 Dodging


You had 6 spell levels left.
You didn't know any spells.

Dungeon Overview and Level Annotations

Branches:
Dungeon (4/15)
 Temple: D:4-7

Altars:
The Shining One

Annotations:
D:3 tix's ghost, amateur DsGl
D:4 Edmund


Innate Abilities, Weirdness & Mutations

You have a pair of horns on your head.
You regenerate health from kills.
Your movements are slightly less encumbered by armour (ER -2).


Message History

You hit the orc priest but do no damage.
The orc priest is poisoned.
The orc barely misses you.
The orc priest looks braver for a moment.
You closely miss the orc priest.
The orc priest is lightly wounded.
The orc barely misses you.
The orc priest mumbles some strange prayers to Beogh against you.
Beogh smites you!
* * * LOW HITPOINT WARNING * * *
The orc priest hits you with a flail.
* * * LOW HITPOINT WARNING * * *
You are too injured to fight recklessly!
Unknown command.
Drink which item? (? for menu, Esc to quit)
It was a potion of beneficial mutation.
You feel less encumbered by your armour.
You feel fantastic! The orc hits you with a club.
* * * LOW HITPOINT WARNING * * *
The orc hits you from afar with a trident!
You die...

##.......## #.........#
#..[......# #.........#
#.........# #......o..#
..#...ooo...## ##.
#......@.....#####...
###..##..............#
# ##......@.......#
#............... ....
#............... ....
#...............
>..####
#............... .....#
#............... ######
#...####...............


You could see Edmund, 2 orc priests and 2 orcs.

Vanquished Creatures
  Grinder (D:4)
  Sigmund (D:3)
  Eustachio (D:4)
  Ijyb (D:3)
  Robin (D:2)
  A gnoll (D:1)
  4 adders
  An ooze (D:4)
  A worm (D:2)
  2 dart slugs
  4 giant geckos
  7 orcs
  7 bats
  3 giant cockroaches
  16 goblins
  7 hobgoblins
  3 jackals (D:2)
  A quokka (D:2)
  A ball python (D:3)
  6 giant newts
  8 kobolds
  6 rats
83 creatures vanquished.

Vanquished Creatures (others)
  A goblin (D:2)
1 creature vanquished.

Grand Total: 84 creatures vanquished

Notes
Turn   | Place    | Note
--------------------------------------------------------------
     0 | D:1      | tix the Demonspawn Gladiator began the quest for the Orb.
     0 | D:1      | Reached XP level 1. HP: 16/16 MP: 1/1
    19 | D:1      | Gained mutation: You regenerate a little health from kills. [demonic ancestry]
    19 | D:1      | Reached XP level 2. HP: 2/22 MP: 2/2
   314 | D:2      | Reached skill level 3 in Dodging
   404 | D:2      | Reached XP level 3. HP: 12/27 MP: 3/3
  1224 | D:2      | Gained mutation: You have a pair of small horns on your head. [demonic ancestry]
  1224 | D:2      | Reached XP level 4. HP: 34/34 MP: 4/4
  1243 | D:2      | Reached skill level 1 in Armour
  1344 | D:2      | Noticed Robin
  1356 | D:2      | Killed Robin
  1821 | D:3      | Noticed Sigmund
  1836 | D:3      | Killed Sigmund
  1836 | D:3      | Reached skill level 4 in Dodging
  1836 | D:3      | Reached XP level 5. HP: 16/41 MP: 5/5
  1889 | D:3      | Gained mutation: You have a pair of horns on your head. [demonic ancestry]
  1889 | D:3      | Reached XP level 6. HP: 40/47 MP: 6/6
  1921 | D:3      | Found a glowing golden altar of the Shining One.
  1936 | D:3      | Noticed Ijyb
  1945 | D:3      | Killed Ijyb
  2058 | D:3      | Noticed Grinder
  2060 | D:3      | Noticed tix's ghost (amateur DsGl)
  2081 | D:4      | Killed Grinder
  2231 | D:4      | Gained mutation: You regenerate health from kills. [demonic ancestry]
  2231 | D:4      | Reached XP level 7. HP: 51/53 MP: 7/7
  2258 | D:4      | Noticed Eustachio
  2297 | D:4      | Killed Eustachio
  2297 | D:4      | Reached skill level 5 in Dodging
  2320 | D:4      | Noticed Edmund
  2334 | D:4      | Gained mutation: Your movements are slightly less encumbered by armour (ER -2). [potion of beneficial mutation]
  2334 | D:4      | Slain by an orc

Skill      XL: |  1  2  3  4  5  6  7 |
---------------+----------------------+-----
Short Blades   | 3 4 |  4.2
Dodging        | 3 4 5 |  5.1
Armour         | 2 3 |  3.1
Fighting       | 3 |  3.9
Throwing       | |  1.8

Action                   |  1- 3 |  4- 6 |  7- 9 || total
-------------------------+-------+-------+-------++-------
Melee: Rapier            |   181 |    14 |       ||   195
       Dagger            |       |   117 |    37 ||   154
       Headbutt          |       |    25 |    13 ||    38
  Use: Potion            |       |     3 |     2 ||     5
 Stab: Invisible         |       |     3 |       ||     3
  Eat: Chunk             |     1 |     2 |       ||     3
       Bread ration      |       |       |     1 ||     1
Armor: Leather armour    |    59 |    21 |     3 ||    83
Dodge: Dodged            |   172 |   111 |    20 ||   303
